 Dungeon Sprint DCSS version 0.31-a0-876-gfe8ebadbca (webtiles) character file.

Game seed: 13872722380192763834

917 rocky1 the Nimble (level 8, -7/62 HPs)
             Began as a Djinni Gladiator on Oct 14, 2023.
             Was a Follower of the Shining One.
             Shot with a bolt by a yaktaur (27 damage)
             ... in the Dungeon (Sprint II: "The Violet Keep of Menkaure").
             The game lasted 00:01:29 (299 turns).

rocky1 the Nimble (Djinni Gladiator)                 Turns: 299, Time: 00:01:30

Health: -7/62      AC:  3    Str: 12    XL:     8   Next: 31%
Gold:   486        EV: 19    Int:  9    God:    the Shining One [*.....] SH:  0 Dex: 21

rFire   + + .        a - +0 long sword
rCold   x . .        (no shield)
rNeg    . . .        b - +0 leather armour
rPois   ∞            c - +0 helmet
rElec   .            (no cloak)
rCorr   .            (no gloves)
SInv    .            (boots unavailable)
Will    .....        (no amulet)
Stlth   +            (no ring)
HPRegen 0.30/turn    (no ring)
MPRegen 0.00/turn

%: no teleportation, infuse magic (-8 HP)
@: flying, glowing
A: sickness immunity, fire resistance 2, cold vulnerability 1, float, innate
caster, HP casting, extra vitality 1, agile 1, deformed body
a: Renounce Religion, Divine Shield


You were in the Dungeon.
You worshipped the Shining One.
The Shining One was aware of your devotion.
You visited 1 branch You collected 486 gold pieces.

Inventory:

Hand Weapons
 a - a +0 long sword (weapon)
Missiles
 d - 3 throwing nets (quivered)
 e - a javelin
Armour
 b - a +0 leather armour (worn)
 c - a +0 helmet (worn)
Scrolls
 j - a scroll of blinking
Potions
 f - a potion of curing
 g - a potion of heal wounds


   Skills:
 + Level 6.4 Fighting
 + Level 10.9 Long Blades
 + Level 4.0 Throwing
 + Level 2.8 Armour
 + Level 11.1 Dodging
 + Level 1.5 Stealth


You knew the following spells:

 Your Spells              Type           Power      Damage    Failure   Level
a - Necrotise             Necr           0%         1d4       45%         1
b - Searing Ray           Conj           0%         2d4       61%         2
c - Teleport Other        Tloc           0%         N/A       83%         3
Your spell library was empty.

Dungeon Overview and Level Annotations

Branches:
Dungeon (1/1)

Altars:
Cheibriados
Dithmenos
Elyvilon
Fedhas
Gozag
Hepliaklqana
Makhleb
Nemelex Xobeh
Okawaru
Qazlal
Ru
Trog
Uskayaw
Wu Jian
Xom
Yredelemnul
Zin
The Shining One
Jiyva
Lugonu

Shops:
D [=[![=:*!(

Annotations:
D Roxanne


Innate Abilities, Weirdness & Mutations

You are immune to sickness and miasma.
You are immune to poison.
Your flesh is very heat resistant. (rF++)
You are vulnerable to cold. (rC-)
You float through the air rather than walking.
You learn spells naturally, not from books.
Your magical power is your life essence.
You have superior vitality. (+4 MHP)
You are agile. (Dex +4, Str/Int -1)
Armour fits poorly on your strangely shaped body.


Message History

The polar bear attacks as it pursues you!
The polar bear barely misses you. The polar bear misses you.
The polar bear closely misses you.
You slash the polar bear!
The polar bear is lightly wounded.
The polar bear closely misses you. The polar bear misses you.
The polar bear claws you.
The boulder beetle curls into a ball and begins rolling!
The polar bear attacks as it pursues you!
The polar bear closely misses you. The polar bear claws you.
The polar bear misses you.
The polar bear attacks as it pursues you!
The polar bear bites you! The polar bear closely misses you.
The polar bear claws you.
The polar bear attacks as it pursues you!
The polar bear bites you! The polar bear claws you. x2
Okay, then.
The boulder beetle completely misses you.
The boulder beetle stops rolling and uncurls.
The boulder beetle barely misses you.
The polar bear is engulfed in a cloud of scalding steam.
The polar bear bites you. The polar bear completely misses you.
The polar bear closely misses you.
The lava snake hisses angrily. x2
The yaktaur is engulfed in a cloud of scalding steam.
The polar bear is engulfed in a cloud of scalding steam.
The yaktaur wields a +0 arbalest.
The yaktaur shoots a bolt.
The bolt closely misses you. The boulder beetle misses you.
The polar bear is engulfed in a cloud of scalding steam.
The polar bear bites you! The polar bear barely misses you.
The polar bear misses you.
You slash the polar bear!
The polar bear is heavily wounded.
The polar bear is engulfed in a cloud of scalding steam.
The polar bear barely misses you. The polar bear completely misses you.
The polar bear claws you but does no damage.
The boulder beetle closely misses you.
The polar bear is engulfed in a cloud of scalding steam.
The yaktaur shoots a bolt.
The bolt hits you!!
You die...

∩#~##†# #'###.##..# +..# .#▓)$?%
.#~#..###.##...#..# #^.# .#▓?$$[
∩+~+##†'.<.'###'..####..##.#▓))[[
.#~#..###.##...#....###...##▓▓▓▓▓
##~##.# #+###.##......~~~~~~~~~~~
##~~####.## ###~~...§.~#'########
##~~~#.# #~~~h~§~..~#.._._._.#
#†#~## ##~~Bhhc~~.~#._._._..#
#(#~~##'##~~~≈@≈§§§~~#_._._._.#
####~~~~~~~~§~≈≈≈§~~~#._._._._#
#+++#§§§#§≈≈≈≈≈≈≈~#.._._._.#
#§§§§§§~##≈≈≈###≈≈#..._._._#
§§§~§§§~.##≈≈# #≈≈#...._._.#
~~~§8§~B~ '≈≈# #≈≈#....._._#
#~§§§§§§.§ #≈≈≈ ##..§~§§~# ####
####+#### §SS≈§


You could see a boulder beetle, 3 polar bears and a yaktaur.

Vanquished Creatures
  A merfolk siren (D)
  2 neqoxecs (D)
  A water moccasin (D)
  5 scorpions (D)
9 creatures vanquished.

Vanquished Creatures (others)
  A neqoxec (D)
1 creature vanquished.

Grand Total: 10 creatures vanquished

Notes
Turn   | Place    | Note
-------+----------+-------------------------------------------
     0 | D        | rocky1 the Djinni Gladiator began the quest for the Orb.
     0 | D        | Reached XP level 1. HP: 18/18 MP: 0/0
     1 | D        | Noticed a boulder beetle
     1 | D        | Noticed a boulder beetle
     5 | D        | Noticed a neqoxec
    11 | D        | Noticed a neqoxec
    11 | D        | Gained mutation: Armour fits poorly on your strangely
                  | shaped body. [a neqoxec]
    13 | D        | Killed a neqoxec
    14 | D        | Reached skill level 7 in Dodging
    14 | D        | Reached XP level 2. HP: 26/26 MP: 0/0
    14 | D        | Reached XP level 3. HP: 31/31 MP: 0/0
    14 | D        | Learned a level 1 spell: Necrotise
    14 | D        | Reached XP level 4. HP: 37/37 MP: 0/0
    14 | D        | Reached XP level 5. HP: 41/41 MP: 0/0
    14 | D        | Learned a level 2 spell: Searing Ray
    14 | D        | Gained mutation: You are agile. (Dex +4, Str/Int -1) [a
                  | neqoxec]
    19 | D        | Killed a neqoxec
    20 | D        | Reached skill level 8 in Dodging
    20 | D        | Reached XP level 6. HP: 46/47 MP: 0/0
    58 | D        | Reached skill level 9 in Dodging
    74 | D        | Reached skill level 5 in Fighting
    74 | D        | Reached skill level 1 in Armour
    74 | D        | Reached XP level 7. HP: 37/54 MP: 0/0
    74 | D        | Learned a level 3 spell: Teleport Other
    89 | D        | Found Goewaim's Distillery.
    89 | D        | Found Maocueka's Book Emporium.
    89 | D        | Found Judgh's Assorted Antiques.
    89 | D        | Found Seuficik's Antique Armour Shoppe.
    89 | D        | Found Qeen's Jewellery Shoppe.
    90 | D        | Found Uzxir's Distillery.
    90 | D        | Found Misulupn's Antique Armour Emporium.
    91 | D        | Found Aracs's Jewellery Shoppe.
    91 | D        | Found Gikatwa's Antique Armour Emporium.
    92 | D        | Found Tamaxet's Weapon Emporium.
   103 | D        | Killed a neqoxec
   105 | D        | Reached skill level 10 in Dodging
   109 | D        | Noticed Roxanne
   110 | D        | Noticed a water moccasin
   116 | D        | Killed a water moccasin
   117 | D        | Reached skill level 10 in Long Blades
   221 | D        | Noticed a merfolk siren
   234 | D        | Killed a merfolk siren
   235 | D        | Reached skill level 11 in Dodging
   235 | D        | Reached skill level 1 in Stealth
   235 | D        | Reached XP level 8. HP: 57/62 MP: 0/0
   263 | D        | Found a hazy altar of Hepliaklqana.
   263 | D        | Found a snail-covered altar of Cheibriados.
   265 | D        | Found a stormy altar of Qazlal.
   265 | D        | Found a viscous altar of Jiyva.
   265 | D        | Found a shadowy altar of Dithmenos.
   266 | D        | Found a sacrificial altar of Ru.
   266 | D        | Found a white marble altar of Elyvilon.
   267 | D        | Found an ornate altar of the Wu Jian Council.
   267 | D        | Found a corrupted altar of Lugonu.
   268 | D        | Found a shimmering altar of Xom.
   268 | D        | Found a bloodstained altar of Trog.
   268 | D        | Found a burning altar of Makhleb.
   269 | D        | Found a glowing golden altar of the Shining One.
   269 | D        | Found a basalt altar of Yredelemnul.
   269 | D        | Found a hide-covered altar of Uskayaw.
   271 | D        | Found a glowing silver altar of Zin.
   271 | D        | Found a blossoming altar of Fedhas.
   271 | D        | Found a sparkling altar of Nemelex Xobeh.
   272 | D        | Found an opulent altar of Gozag.
   272 | D        | Found an iron altar of Okawaru.
   278 | D        | Became a worshipper of the Shining One
   283 | D        | Noticed a yaktaur
   283 | D        | Noticed a hornet
   283 | D        | Noticed a polar bear
   283 | D        | Noticed a polar bear
   284 | D        | Noticed a polar bear
   284 | D        | Reached * piety under the Shining One
   299 | D        | Shot with a bolt by a yaktaur

Illustrated notes

Levels and vault maps discovered:
D:        the_violet_keep_of_menkaure [sprint2_stairs_cluster_1,
          sprint2_shoproom, sprint2_temple, sprint2_basic_supplies,
          sprint2_obstacle_6, sprint2_obstacle_5, sprint2_obstacle_2,
          sprint2_obstacle_1, sprint2_obstacle_7, sprint2_timed_cluster_1,
          sprint2_smallroom_cluster_1, sprint2_smallroom_final_cluster_1,
          sprint2_transparent_cluster_1, sprint2_second_timed_cluster_1,
          sprint2_sniper_area_1, sprint2_heavy_combat_area_1,
          sprint2_mutation_trap_area_1, sprint2_forest_area_1,
          sprint2_light_combat_area_1, sprint2_behind_water_1,
          sprint2_near_end_vault_1]

Skill      XL: |  1  2  3  4  5  6  7 |
---------------+----------------------+-----
Fighting       | 3 4 5 6 |  6.4
Long Blades    | 6 8 9 10 | 10.9
Throwing       | 3 4 |  4.0
Dodging        | 7 8 9 11 | 11.1
Armour         | 1 2 |  2.8
Stealth        | 1 |  1.5

Action                     |  1- 3 |  4- 6 |  7- 9 || total
---------------------------+-------+-------+-------++-------
  Melee: Long sword        |     6 |    26 |    33 ||    65
         Punch             |     1 |       |     1 ||     2
    Use: Potion            |     2 |       |       ||     2
   Stab: Sleeping          |       |       |     1 ||     1
 Armour: Leather armour    |       |     8 |    20 ||    28
  Dodge: Dodged            |     4 |    18 |    41 ||    63

Table legend: (Time is in decaauts)
 A = Elapsed time spent in this place.
 B = Non-inter-level travel time spent in this place.
 C = Inter-level travel time spent in this place.
 D = Time resting spent in this place.
 E = Time spent auto-exploring this place.
 F = Levels seen in this place.
 G = Mean time per level.
                   A        B        C        D        E       F      G
               +--------+--------+--------+--------+--------+-----+--------+
         Total |    291 |    291 |      0 |    122 |      0 |   1 |  291.0 |
       Dungeon |    291 |    291 |      0 |    122 |      0 |   1 |  291.0 |
               +--------+--------+--------+--------+--------+-----+--------+

Top non-repeatable levels by time:
       D: 291 daAuts
